Map: Cactus Valley LE (Void)

Players

Railgan - Winner!

  • Race: Zerg Zerg
  • League: Grandmaster
  • Spawn Location: 7:00

KatagiriAiri

  • Race: Protoss Protoss
  • League: Master
  • Spawn Location: 11:00

VOD

Have the link to the VOD?

Description

Time

  • Played on: March 21, 2017, 9:03 p.m.
  • Length: 9:34
Show
View Real Time Build Order
Export as new Build Order

Railgan Zerg - Winner!

Build Orders: Hatch First, Swarm Host 

Get SALT Encoding   

  12  0:00  Drone  
  13  0:12  Overlord  
  13  0:17  Drone  
  14  0:30  Drone  
  14  0:31  Drone  
  14  0:34  Drone  
  17  0:52  Hatchery  
  17  0:54  Drone  
  17  0:57  Drone  
  18  1:09  Extractor  
  17  1:12  Spawning Pool  
  17  1:16  Drone  
  17  1:19  Drone  
  18  1:28  Drone  
  19  1:38  Overlord  
  19  1:53  Drone  
  20  1:59  Queen  
  20  2:01  Drone  
  23  2:04  Queen  
  23  2:05  Zergling x2  
  26  2:11  Drone  
  27  2:22  Drone  
  28  2:23  Drone  
  28  2:24  Metabolic Boost  
  28  2:25  Drone  
  30  2:35  Drone  
  30  2:37  Queen  
  33  2:44  Evolution Chamber  
  33  2:45  Overlord  
  33  2:47  Queen  
  33  2:50  Drone  
  35  2:57  Zergling x2  
  36  3:08  Zergling x4  
  36  3:10  Drone x5  
  43  3:13  Zerg Melee Weapons Level 1  
  43  3:15  Zergling x2  
  44  3:20  Overlord  
  44  3:25  Drone  
  43  3:32  Overlord  
  43  3:38  Lair  
  43  3:39  Drone x2  
  45  3:45  Drone x2  
  45  3:46  Overlord  
  47  3:52  Drone  
  47  3:55  Extractor, Drone  
  48  4:06  Drone x6  
  48  4:09  Overlord  
  54  4:15  Drone  
  54  4:16  Extractor  
  53  4:24  Drone  
  53  4:25  Drone  
  53  4:30  Zergling x2  
  53  4:31  Extractor  
  55  4:35  Roach Warren  
  54  4:45  Drone x3  
  57  4:46  Overlord  
  57  4:53  Drone, Overlord  
  57  4:56  Infestation Pit, Zergling x8  
  61  5:00  Overseer  
  61  5:03  Hatchery  
  60  5:20  Roach  
  60  5:21  Roach x7  
  76  5:23  Glial Reconstitution  
  76  5:24  Zerg Melee Weapons Level 2  
  75  5:36  Drone x2  
  75  5:37  Drone  
  75  5:40  Overlord  
  78  5:48  Zergling x14  
  85  6:01  Swarm Host x2  
  91  6:10  Zergling x2  
  92  6:13  Spore Crawler  
  89  6:20  Drone x4  
  91  6:27  Drone x2  
  93  6:33  Drone x2  
  93  6:34  Drone x2  
  93  6:35  Roach  
  93  6:37  Swarm Host  
  102  6:42  Swarm Host  
  102  6:47  Swarm Host  
  102  6:49  Overlord x2  
  102  6:50  Overlord  
  102  6:54  Overlord  
  101  6:58  Overlord  
  101  7:00  Baneling Nest  
  100  7:04  Overlord  
  100  7:07  Swarm Host  
  103  7:09  Swarm Host  
  103  7:12  Swarm Host  
  109  7:16  Swarm Host  
  109  7:22  Swarm Host x7  
  112  7:28  Overlord  
  133  7:31  Drone x2  
  135  7:45  Hatchery, Zergling x10  
  137  7:52  Zergling x2  
  137  7:53  Overlord, Zergling x12  
  142  8:01  Zergling x2  
  142  8:02  Zergling x6  
  142  8:05  Baneling x4  
  144  8:08  Zergling x4  
  144  8:12  Zergling x2  
  145  8:22  Swarm Host x3  
  154  8:33  Zergling x2  
  159  8:34  Zergling x8  
  159  8:35  Baneling x7  
  159  8:36  Baneling x6  
  159  8:37  Zergling x2  
  159  8:38  Zergling x2  
  159  8:39  Overlord  
  159  8:40  Extractor x2, Drone x2  
  161  8:46  Overlord  
  161  8:48  Overlord, Zergling x2  
  162  8:52  Zergling x2  
  150  9:11  Zergling x2  
Show
View Real Time Build Order
Export as new Build Order

KatagiriAiri Protoss 

Build Orders: 1 Gate Expand 

Get SALT Encoding   

  12  0:01  Probe (Chrono Boost)  
  13  0:11  Probe (Chrono Boost)  
  14  0:18  Pylon  
  14  0:23  Probe (Chrono Boost)  
  15  0:36  Probe (Chrono Boost)  
  15  0:39  Gateway  
  16  0:44  Assimilator  
  16  0:48  Probe (Chrono Boost)  
  17  0:58  Probe (Chrono Boost)  
  18  1:09  Probe (Chrono Boost)  
  19  1:23  Nexus  
  19  1:35  Cybernetics Core  
  19  1:37  Probe (Chrono Boost)  
  20  1:43  Assimilator  
  20  1:48  Probe (Chrono Boost)  
  20  1:53  Pylon  
  21  1:59  Probe (Chrono Boost)  
  22  2:07  Adept  
  22  2:11  Probe (Chrono Boost)  
  22  2:12  Warp Gate  
  26  2:24  Probe (Chrono Boost)  
  26  2:34  Adept  
  29  2:37  Mothership Core (Chrono Boost), Probe (Chrono Boost)  
  30  2:47  Twilight Council  
  30  2:48  Probe (Chrono Boost)  
  31  2:56  Probe (Chrono Boost)  
  32  2:59  Probe (Chrono Boost)  
  33  3:06  Probe (Chrono Boost)  
  33  3:09  Probe (Chrono Boost)  
  35  3:14  Pylon  
  35  3:15  Adept  
  35  3:17  Probe (Chrono Boost)  
  35  3:19  Pylon  
  38  3:27  Probe (Chrono Boost)  
  38  3:28  Resonating Glaives  
  38  3:31  Probe (Chrono Boost)  
  38  3:35  Pylon  
  38  3:38  Probe (Chrono Boost)  
  40  3:41  Probe (Chrono Boost)  
  40  3:49  Probe (Chrono Boost)  
  40  3:52  Probe (Chrono Boost)  
  40  3:55  Gateway x2  
  42  3:59  Probe (Chrono Boost)  
  42  4:02  Probe (Chrono Boost)  
  44  4:06  Assimilator  
  45  4:10  Probe (Chrono Boost), Assimilator  
  45  4:13  Pylon  
  45  4:21  Probe (Chrono Boost)  
  46  4:25  Probe (Chrono Boost)  
  47  4:36  Adept, Probe (Chrono Boost)  
  50  4:40  Forge  
  50  4:46  Gateway  
  50  4:51  Probe (Chrono Boost)  
  51  4:59  Robotics Facility  
  51  5:00  Pylon, Probe (Chrono Boost)  
  51  5:04  Adept x3  
  58  5:07  Probe (Chrono Boost)  
  59  5:17  Nexus  
  59  5:26  Pylon  
  59  5:28  Pylon  
  59  5:33  Probe (Chrono Boost)  
  59  5:35  Protoss Ground Weapons Level 1  
  60  5:38  Robotics Facility  
  60  5:42  Probe (Chrono Boost)  
  61  5:50  Pylon  
  61  5:51  Immortal  
  61  5:56  Blink  
  65  5:58  Pylon  
  65  6:03  Pylon  
  65  6:07  Gateway  
  65  6:12  Gateway  
  65  6:14  Pylon  
  65  6:16  Photon Cannon  
  59  6:21  Probe (Chrono Boost)  
  59  6:23  Adept  
  59  6:24  Adept, Sentry x2  
  62  6:29  Probe (Chrono Boost)  
  62  6:32  Probe (Chrono Boost)  
  59  6:44  Probe (Chrono Boost)  
  59  6:45  Adept  
  59  6:46  Adept  
  62  6:47  Immortal  
  62  6:52  Probe (Chrono Boost)  
  66  6:56  Probe (Chrono Boost)  
  66  7:00  Probe (Chrono Boost)  
  68  7:04  Adept  
  68  7:05  Adept  
  68  7:06  Adept  
  74  7:12  Robotics Bay  
  74  7:24  Probe (Chrono Boost)  
  74  7:27  Observer  
  74  7:28  Probe (Chrono Boost)  
  74  7:29  Probe (Chrono Boost)  
  78  7:34  Pylon  
  78  7:37  Pylon x2  
  73  7:53  Probe (Chrono Boost)  
  73  7:54  Probe (Chrono Boost)  
  73  7:56  Adept  
  73  7:57  Adept x3  
  83  8:01  Disruptor, Probe (Chrono Boost)  
  83  8:04  Probe (Chrono Boost)  
  88  8:06  Probe (Chrono Boost)  
  88  8:12  Probe (Chrono Boost)  
  89  8:18  Pylon  
  89  8:19  Pylon  
  85  8:27  Zealot  
  85  8:28  Zealot x3  
  90  8:40  Stalker x2  
  92  8:42  Probe (Chrono Boost)  
  94  8:48  Disruptor, Probe (Chrono Boost)  
  94  8:52  Probe (Chrono Boost)  
  84  9:12  Zealot x5  
Tags
 
Add a new tag
Caveats
  • Supply blocks, unpowered buildings, or Contaminate may cause inaccurate times.
  • Supply counts are checked every 10 seconds.